 Dungeon Crawl Stone Soup version 0.29.1-2-gbd0b4ee654 (webtiles) character file.

Game seed: 6421851387115085433

1638 croobank the Conjurer (level 8, -1/60 HPs)
             Began as a Demonspawn Conjurer on Nov 26, 2022.
             Was an Initiate of Gozag.
             Shot with an arrow by a centaur (15 damage)
             ... on level 6 of the Dungeon.
             The game lasted 00:17:47 (7069 turns).

croobank the Conjurer (Demonspawn Conjurer)         Turns: 7069, Time: 00:17:47

Health: -1/60      AC:  2    Str:  7    XL:     8   Next: 66%
Magic:  5/14       EV: 13    Int: 22    God:    Gozag
Gold:   130        SH:  0    Dex: 12    Spells: 9/15 levels left

rFire   . . .      SeeInvis .   d - staff of conjuration
rCold   . . .      Faith    .   (no shield)
rNeg    . . .      Spirit   .   a - +0 robe
rPois   +          Reflect  .   (helmet restricted)
rElec   .          Harm     .   (no cloak)
rCorr   .          Rampage  .   (no gloves)
Will    .....                   (no boots)
Stlth   +++.......              (no amulet)
HPRegen 0.20/turn               i - ring of poison resistance
MPRegen 0.14/turn               (no ring)

@: gold aura
A: hooves 1, horns 2, demonic guardian 1, demonic touch 2
a: Renounce Religion, Potion Petition, Call Merchant, Bribe Branch


You were on level 6 of the Dungeon.
You worshipped Gozag.
Gozag was aware of your devotion.
You visited 2 branches of the dungeon, and saw 7 of its levels.

You collected 370 gold pieces.
You spent 161 gold pieces at shops.
You paid 79 gold pieces to Gozag.

Inventory:

Hand Weapons
 e - a +0 broad axe
Armour
 a - a +0 robe (worn)
Magical Staves
 d - a staff of conjuration (weapon)
Jewellery
 i - a ring of poison resistance (left hand)
Wands
 p - a wand of paralysis (10)
Scrolls
 g - 4 scrolls of amnesia
 j - 2 scrolls of enchant weapon {unknown}
 m - 3 scrolls of teleportation
 q - a scroll of noise {unknown}
 s - a scroll of vulnerability {unknown}
 t - a scroll of blinking
Potions
 b - 2 potions of haste
 c - 3 potions of curing
 f - a potion of attraction
 h - a potion of ambrosia
 k - 2 potions of heal wounds
 l - a potion of berserk rage {unknown}
 n - a potion of degeneration {unknown}
 o - a potion of flight {unknown}
 r - a potion of brilliance {unknown}


   Skills:
 + Level 4.0 Fighting
 + Level 4.2 Dodging
 + Level 4.7 Stealth
 + Level 4.4 Spellcasting
 + Level 6.0 Conjurations
 + Level 3.7 Hexes
 + Level 2.4 Translocations


You had 9 spell levels left.
You knew the following spells:

 Your Spells              Type           Power      Damage    Failure   Level
a - Magic Dart            Conj           100%       1d8       1%          1
b - Searing Ray           Conj           92%        2d7       1%          2
c - Dazzling Flash        Conj/Hex       78%        N/A       4%          3

Your spell library contained the following spells:

 Spells                   Type           Power      Damage    Failure   Level
 Apportation              Tloc           30%        N/A       4%          1
 Necrotise                Necr           16%        1d4       11%         1
 Summon Small Mammal      Summ           16%        N/A       11%         1
 Fulminant Prism          Conj/Hex       19%        3d11      14%         4
 Iskenderun's Mystic Bla  Conj/Tloc      35%        2d8       19%         4
 Ozocubu's Armour         Ice            4%         N/A       32%         3
 Dispel Undead            Necr           4%         3d7       71%         4
 Metabolic Englaciation   Hex/Ice        6%         N/A       80%         5
 Death Channel            Necr           2%         N/A       100%        6
 Haunt                    Necr/Summ      2%         N/A       100%        7
 Infestation              Necr           2%         N/A       100%        8
 Animate Dead             Necr           Unusable   N/A       N/A         4
 Corpse Rot               Necr/Pois/Air  Unusable   N/A       N/A         4
 Simulacrum               Ice/Necr       Unusable   N/A       N/A         6

Dungeon Overview and Level Annotations

Branches:
Dungeon (6/15)             Temple (1/1) D:5

Altars:
Ashenzari
Dithmenos
Gozag
Hepliaklqana
Kikubaaqudgha
Makhleb
Okawaru
Qazlal
Trog
Uskayaw
Vehumet
Wu Jian

Shops:
D:4 *   D:6 (

Annotations:
D:5 3 runed translucent doors, Rudyous's ghost, amateur MiFi; mkat's ghost, amateur DgEE


Innate Abilities, Weirdness & Mutations

You have large cloven feet.
You have a pair of horns on your head.
A weak demonic guardian rushes to your aid.
Your touch may inflict irresistible damage on your foes.


Message History

Confirm with . or Enter, or press ? or * to list all spells.
Aiming: Searing Ray (safe; 1% risk of failure)
Press: ? - help, Shift-Dir - straight line, f/p - iguana
Aim: an iguana (moderately wounded, 84% to hit)
You feel a surge of power!
The searing ray hits the iguana.
The iguana is moderately wounded. (Press . to maintain the ray.)
The iguana closely misses you.
Casting: Searing Ray (safe; 1% risk of failure)
Confirm with . or Enter, or press ? or * to list all spells.
Restarting spell: Searing Ray (safe; 1% risk of failure)
Press: ? - help, Shift-Dir - straight line, f - centaur, p - iguana
Aim: a centaur, wielding a +0 shortbow (89% to hit)
You feel a surge of power!
The searing ray hits the iguana.
The iguana is severely wounded.
The searing ray hits the centaur.
The centaur is lightly wounded. (Press . to maintain the ray.)
The iguana bites you!
The searing ray hits the iguana!
You kill the iguana!
The searing ray hits the centaur.
The centaur is heavily wounded.
Your Conjurations skill increases to level 6!
The centaur shoots an arrow.
The arrow misses you.
Casting: Searing Ray (safe; 1% risk of failure)
Confirm with . or Enter, or press ? or * to list all spells.
Aiming: Searing Ray (safe; 1% risk of failure)
Press: ? - help, Shift-Dir - straight line, f/p - centaur
Aim: a centaur, wielding a +0 shortbow (heavily wounded, 89% to hit)
You feel a surge of power!
The searing ray misses the centaur. (Press . to maintain the ray.)
The centaur shoots an arrow.
The arrow hits you!
The searing ray hits the centaur.
The centaur is severely wounded.
The centaur shoots an arrow.
The arrow hits you!
* * * LOW HITPOINT WARNING * * *
The centaur shoots an arrow.
The arrow hits you!
You die...
Your body crumbles into a pile of gold.

#S........ #........
##.......# ...c.....#
.......# .....#
#########c#.#
#.....@#...[####
#####......#.........#
#..........c..........
#.########............
#.# .............. #.#
................ #.#
#.............#.. #.#
##[[..........#.. #.#
#.............


You could see a centaur.

Vanquished Creatures
  Eustachio (D:4)
  Menkaure (D:4)
  An ice beast (D:5)
  An ogre (D:4)
  3 centaurs (D:5)
  A phantom (D:4)
  A kobold brigand (D:5)
  A gnoll sergeant (D:5)
  Blork the orc (D:4)
  2 scorpions (D:5)
  A jelly (D:6)
  An orc priest (D:6)
  4 hounds
  5 iguanas
  An orc wizard (D:6)
  7 gnolls
  9 adders
  A white imp (D:5)
  A worm (D:1)
  A dart slug (D:1)
  9 orcs
  7 endoplasms
  6 giant cockroaches
  5 hobgoblins
  3 quokkas
  4 ball pythons
  4 bats
  3 frilled lizards
  3 goblins
  15 kobolds
  3 rats
106 creatures vanquished.

Vanquished Creatures (collateral kills)
  A gnoll (D:5)
1 creature vanquished.

Vanquished Creatures (others)
  5 plants (D:5)
  6 withered plants (D:5)
11 creatures vanquished.

Grand Total: 118 creatures vanquished

Notes
Turn   | Place    | Note
-------+----------+-------------------------------------------
     0 | D:1      | croobank the Demonspawn Conjurer began the quest for the
                  | Orb.
     0 | D:1      | Reached XP level 1. HP: 13/13 MP: 3/3
   387 | D:1      | Discovered your monstrous ancestry.
   387 | D:1      | Gained mutation: Your touch may inflict minor irresistible
                  | damage on your foes. [demonic ancestry]
   387 | D:1      | Reached XP level 2. HP: 19/19 MP: 3/5
   427 | D:1      | Learned a level 2 spell: Searing Ray
  1039 | D:1      | Gained mutation: A weak demonic guardian rushes to your
                  | aid. [demonic ancestry]
  1039 | D:1      | Reached XP level 3. HP: 25/25 MP: 2/6
  1043 | D:1      | Learned a level 3 spell: Dazzling Flash
  1428 | D:2      | Reached skill level 1 in Fighting
  1714 | D:2      | Gained mutation: Your touch may inflict irresistible damage
                  | on your foes. [demonic ancestry]
  1714 | D:2      | Reached XP level 4. HP: 32/32 MP: 2/7
  2981 | D:3      | Gained mutation: You have large cloven feet. [demonic
                  | ancestry]
  2981 | D:3      | Reached XP level 5. HP: 37/37 MP: 4/9
  3361 | D:3      | Found a faded altar of an unknown god.
  3660 | D:4      | Noticed a phantom
  3667 | D:4      | Killed a phantom
  3668 | D:4      | Reached skill level 1 in Hexes
  3734 | D:4      | Noticed Menkaure
  3740 | D:4      | Killed Menkaure
  3741 | D:4      | Reached skill level 5 in Conjurations
  3741 | D:4      | Gained mutation: You have a pair of small horns on your
                  | head. [demonic ancestry]
  3741 | D:4      | Reached XP level 6. HP: 14/44 MP: 4/10
  3741 | D:4      | HP: 2/44 [iguana (12)]
  3759 | D:4      | Noticed Eustachio
  3769 | D:4      | Killed Eustachio
  3770 | D:4      | Gained mutation: You have a pair of horns on your head.
                  | [demonic ancestry]
  3770 | D:4      | Reached XP level 7. HP: 10/51 MP: 3/12
  4139 | D:4      | Noticed Blork the orc
  4145 | D:4      | Killed Blork the orc
  4213 | D:4      | Found Ozaoc's Assorted Antiques.
  4216 | D:4      | Bought a tubular bronze ring for 115 gold pieces
  4217 | D:4      | Bought a scroll of identify for 46 gold pieces
  4560 | D:4      | Found a hazy altar of Hepliaklqana.
  4674 | D:5      | Entered Level 5 of the Dungeon
  4674 | D:5      | Found a runed translucent gate.
  4674 | D:5      | Found a runed translucent gate.
  4752 | D:5      | Found a runed translucent gate.
  4753 | D:5      | Noticed mkat's ghost (amateur DgEE)
  4753 | D:5      | Noticed Rudyous's ghost (amateur MiFi)
  4778 | D:5      | Reached skill level 1 in Translocations
  5062 | D:5      | Reached XP level 8. HP: 34/58 MP: 9/13
  5913 | D:5      | Found a staircase to the Ecumenical Temple.
  6115 | Temple   | Entered the Ecumenical Temple
  6378 | Temple   | Became a worshipper of Gozag Ym Sagoz the Greedy
  6523 | D:5      | Identified the +1 trident "Jemeh" {vorpal, rF+ Int+4}
  6975 | D:6      | Found Syuttot's Antique Weapon Shoppe.
  7067 | D:6      | Reached skill level 6 in Conjurations
  7069 | D:6      | Shot with an arrow by a centaur

Illustrated notes

Levels and vault maps discovered:
D:1:      dpeg_arrival_brainrot, layout_loops_ring
D:2:      minmay_general_purpose_star, layout_basic, reono_crystal_passage,
          kennysheep_crisscross
D:3:      layout_rooms, hellmonk_ecumenical_altar_leap_of_faith
D:4:      layout_basic, worldfamousw_hep_ancestral_shrine, serial_shops,
          nicolae_shop_behind_doors, uniq_menkaure, uniq_blork_the_orc,
          uniq_eustachio
D:5:      layout_loops_ring, temple_doors_cd, gammafunk_ghost_cemetery,
          serial_bayou_pond_a, feat_on_display
D:6:      hellmonk_crumbling_castle, layout_basic, serial_shops,
          nicolae_shop_trees
Temple:   hc_temple_tempest_star

Skill      XL: |  1  2  3  4  5  6  7  8 |
---------------+-------------------------+-----
Stealth        | 2 3 4 |  4.7
Dodging        | 2 3 4 |  4.2
Fighting       | 1 2 3 4 |  4.0
Spellcasting   | 3 4 |  4.4
Hexes          | 1 2 3 |  3.7
Conjurations   | 5 6 |  6.0
Translocations | 1 2 |  2.4

Action                   |  1- 3 |  4- 6 |  7- 9 || total
-------------------------+-------+-------+-------++-------
Melee: Staff             |     9 |     9 |    10 ||    28
       Touch             |     1 |     1 |     3 ||     5
       Kick              |       |       |     2 ||     2
       Headbutt          |       |       |     2 ||     2
 Cast: Magic Dart        |    43 |    36 |    31 ||   110
       Searing Ray       |     8 |    19 |    38 ||    65
  Use: Scroll            |     8 |     4 |     2 ||    14
       Potion            |       |     3 |       ||     3
Armor: Robe              |     4 |       |     6 ||    10
       Skin              |       |     4 |       ||     4
Dodge: Dodged            |    10 |    16 |    30 ||    56
